 Dungeon Crawl Stone Soup version 0.20.1-1-g8b1a95d (webtiles) character file.

195897 KrisztiCat the Warrior (level 17, -1/171 HPs)
             Began as a Minotaur Berserker on Nov 12, 2017.
             Was a High Priest of Trog.
             Slain by a nagaraja
             ... wielding a +0 halberd
              (5 damage)
             ... on level 4 of the Snake Pit.
             The game lasted 04:02:25 (32100 turns).

KrisztiCat the Warrior (Minotaur Berserker)        Turns: 32100, Time: 04:02:26

Health: -1/171     AC: 17    Str: 26    XL:     17   Next: 72%
Magic:  5/5        EV: 18    Int:  6    God:    Trog [*****.]
Gold:   1522       SH: 20    Dex:  8    Spells: 16/16 levels left

rFire    + . .     SeeInvis .   L - +7 flail (antimagic)
rCold    + + +     Gourm    .   O - +0 shield
rNeg     + . .     Faith    .   M - +1 leather armour of the Rose {rPois rC+++ rCorr Stlth-}
rPois    +         Spirit   .   b - +2 hat
rElec    .         Reflect  +   j - +0 cloak {MR+}
rCorr    +         Harm     .   K - +0 pair of gloves
MR       +++..                  D - +0 pair of boots of Jael {rF+ MR+ Dex-3}
Stlth    ..........             N - +6 amulet of reflection
Regen    0.4/turn               q - ring of resist corrosion
MPRegen  0.1/turn               s - ring "Fezarab" {rC+ rN+}

@: lethally poisoned (-1 -> -2), berserk cooldown, slowed, very slow
A: retaliatory headbutt, horns 2, talons 2, iridescent scales 1, thin metallic
scales 1
}: 1/15 runes: decaying
a: Berserk, Trog's Hand, Brothers in Arms, Burn Spellbooks, Renounce Religion


You were on level 4 of the Snake Pit.
You worshipped Trog.
Trog was extremely pleased with you.
You were hungry.

You visited 6 branches of the dungeon, and saw 32 of its levels.
You also visited: Labyrinth.

You collected 3525 gold pieces.
You spent 2003 gold pieces at shops.

Inventory:

Hand Weapons
 L - a +7 antimagic flail (weapon)
Missiles
 G - 5 steel javelins (quivered)
Armour
 b - a +2 hat (worn)
 j - a +0 cloak of magic resistance (worn)
 o - a +2 cloak
 D - the +0 pair of boots of Jael (worn) {rF+ MR+ Dex-3}
   (You acquired it on level 11 of the Dungeon)

   It affects your dexterity (-3).
   It protects you from fire.
   It affects your resistance to hostile enchantments.
 K - a +0 pair of gloves (worn)
 M - the +1 leather armour of the Rose (worn) {rPois rC+++ rCorr Stlth-}
   (You found it on level 4 of the Swamp)

   It renders you almost immune to cold.
   It protects you from poison.
   It protects you from acid and corrosion.
   It makes you less stealthy.
 O - a +0 shield (worn)
Jewellery
 q - a ring of resist corrosion (left hand)
 s - the ring "Fezarab" (right hand) {rC+ rN+}
   (You bought it in a shop on level 2 of the Orcish Mines)

   [ring of positive energy]

   It protects you from cold.
   It protects you from negative energy.
 v - an uncursed ring of see invisible
 I - an uncursed amulet of guardian spirit
 N - a +6 amulet of reflection (around neck)
Wands
 a - a wand of confusion (13/48)
 g - a wand of iceblast (4/15)
 h - a wand of clouds (4/9)
 p - a wand of lightning (10/15)
 r - a wand of lightning (8/15)
 x - a wand of disintegration (14/24)
 y - a wand of acid (9/15)
 z - a wand of flame (23/48)
 A - a wand of digging (5/24)
 E - a wand of digging (13/24)
 Y - a wand of paralysis (1/24)
Scrolls
 e - 11 scrolls of remove curse
 f - 3 scrolls of fear
 i - 4 scrolls of teleportation
 k - 4 scrolls of blinking
 m - 6 scrolls of magic mapping
 u - a scroll of identify
 C - a scroll of enchant weapon
 P - 3 scrolls of fog
 S - 2 scrolls of recharging
Potions
 l - a potion of magic
 n - a potion of resistance
 w - a potion of brilliance
 B - 3 potions of curing
 F - 10 potions of lignification
 H - a potion of invisibility
 R - 2 potions of flight
 X - a potion of might
Comestibles
 c - 14 bread rations
 d - 8 meat rations
 t - 20 royal jellies


   Skills:
 + Level 20.4 Fighting
 - Level 14.1 Maces & Flails
 + Level 16.1 Armour
 + Level 15.0 Dodging
 - Level 0.1 Stealth
 + Level 16.9 Shields
 + Level 1.2 Evocations


You had 16 spell levels left.
You didn't know any spells.

Dungeon Overview and Level Annotations

Branches:
Dungeon (15/15)            Temple (1/1) D:4            Lair (6/6) D:9
  Swamp (4/4) Lair:4        Snake (4/4) Lair:2        Slime (0/5) Lair:5
    Orc (2/2) D:9             Elf (0/3) Orc:2        Vaults (0/5) D:13
 Depths (0/5) D:15

Altars:
Ashenzari
Cheibriados
Dithmenos
Elyvilon
Fedhas
Gozag
Hepliaklqana
Kikubaaqudgha
Makhleb
Nemelex Xobeh
Okawaru
Qazlal
Ru
Sif Muna
Trog
Uskayaw
Vehumet
Xom
Yredelemnul
Zin
The Shining One
Beogh

Shops:
D:6 *   D:8 !   D:14 =   Orc:2 !![***[=   Snake:3 =(


Innate Abilities, Weirdness & Mutations

You reflexively headbutt those who attack you in melee.
You have a pair of horns on your head.
You have razor-sharp toenails.
You are partially covered in iridescent scales. (AC +2)
You are partially covered in thin metallic scales. (AC +2)


Message History

The naga sharpshooter wields an uncursed shortbow.
The naga sharpshooter gestures wildly while chanting.
The naga sharpshooter magically shoots an arrow.
You reflect the arrow off an invisible shield around you!
Blink to where?
Press: ? - help, Dir - move target cursor
Okay, then.
You escape the nagaraja's grasp.
The naga mage mumbles some strange words.
The naga mage seems to speed up.
The naga ritualist gestures wildly while chanting.
The naga ritualist begins to radiate toxic energy.
There is a stone staircase leading up, spattered with blood here.
Items here: (( )) 2 arrows; an uncursed arbalest; an uncursed hand axe; 19 bolts
* * * LOW HITPOINT WARNING * * *
You are poisoned.
You block the nagaraja's attack.
The nagaraja hits you from afar with a halberd.
You die... .#. .$. ....... ..#....
N......
NN.....
NN.....

######NNN##..
###.)(@)NNN..#
##..(#)####..##
#..(.#... #
#....#...#
#....#.....
#....#....##
#...##....#
#..# #....+ #..


You could see a nagaraja, 2 naga sharpshooters, a naga ritualist, a naga mage
and 2 nagas.

Vanquished Creatures
  Bai Suzhen (Swamp:3)
  Nikola (Snake:1)
  Rupert (Snake:1)
  3 thorn hunters
  Agnes (Snake:1)
  Kirke (Snake:1)
  3 nagarajas
  The ghost of hilaritas the Severer, an adept FoGl of Makhleb (Orc:2)
  A frost giant (D:15)
  Aizul (Swamp:4)
  The ghost of Baril the Destroyer, a journeyman GrFE of Vehumet (Lair:6)
  Azrael (Snake:1)
  Josephine (Lair:5)
  A minotaur (Lab)
  A fire dragon (Lair:6)
  The ghost of ThereIsNoGod the Grappler, a journeyman TrFi of Okawaru (D:12)
  An ice dragon (D:13)
  25 hydras
  6 naga warriors
  3 centaur warriors
  A ghost crab (Swamp:1)
  11 anacondas
  3 alligators
  Erica (D:8)
  6 two-headed ogres
  A catoblepas (Lair:3)
  4 death yaks
  3 naga sharpshooters
  An orc high priest (Orc:2)
  6 shock serpents
  3 spriggans
  A salamander mystic (Snake:2)
  9 swamp dragons
  4 shambling mangroves
  5 wizards
  A deep troll (D:13)
  3 unseen horrors
  5 naga ritualists
  A lindwurm (Lair:3)
  5 orc knights
  4 deep elf magi
  7 ugly things
  4 mana vipers
  An orc sorcerer (Orc:2)
  8 salamanders
  2 guardian serpents (Snake:3)
  2 elephants (Lair:3)
  10 naga magi
  Psyche (D:8)
  Maurice (D:8)
  33 black mambas
  2 gargoyles (D:14)
  An eye of devastation (Lair:5)
  4 rime drakes
  22 spiny frogs
  A kobold demonologist (D:14)
  2 komodo dragons
  A freezing wraith (D:15)
  A yaktaur (D:15)
  9 polar bears (Lair:6)
  7 trolls
  6 hornets
  3 tyrant leeches
  A blink frog (shapeshifter) (D:13)
  7 bog bodies
  14 slime creatures
  11 blink frogs
  8 dream sheep
  15 hippogriffs
  4 raiju (Lair:6)
  Sigmund (D:6)
  A shadow (D:12)
  A yak (shapeshifter) (D:14)
  7 wraiths
  5 wyverns
  Eustachio (D:4)
  28 yaks
  A hog (Snake:1)
  8 fire bats (Lair:1)
  4 steam dragons
  2 basilisks
  Edmund (D:6)
  17 vampire mosquitoes
  2 insubstantial wisps (Swamp:3)
  6 wargs
  16 nagas
  26 swamp worms
  6 acid dragons
  A soldier ant (D:12)
  16 water moccasins
  7 porcupines
  Duvessa (D:4)
  17 hell hounds
  3 ice beasts
  5 sky beasts
  28 orc warriors
  12 swamp drakes
  13 black bears
  An eye of draining (shapeshifter) (D:15)
  3 eyes of draining
  4 phantoms
  14 ogres
  16 wolves
  The ghost of Irenicus the Insei, an amateur OpCK of Xom (D:3)
  14 crocodiles
  10 centaurs
  6 big kobolds
  17 bullfrogs
  A wyvern zombie (D:15)
  Dowan (D:4)
  A water moccasin skeleton (D:6)
  3 scorpions
  An electric eel (Lair:2)
  8 wights
  5 howler monkeys
  4 crimson imps
  A bullfrog zombie (D:8)
  3 centaur zombies
  A quasit (D:11)
  A wyvern simulacrum (D:9)
  5 hounds
  7 jellies
  22 orc priests
  4 bullfrog skeletons
  5 centaur skeletons
  Jessica (D:2)
  4 iguanas
  28 orc wizards
  12 worker ants
  A killer bee zombie (D:5)
  3 hound skeletons
  Robin (D:4)
  20 adders
  3 gnolls (D:10)
  3 shadow imps
  6 oozes
  3 adder skeletons
  10 worms (Lair:2)
  4 leopard geckos
  108 orcs
  6 bats
  4 giant cockroaches
  26 goblins
  14 hobgoblins
  13 jackals
  4 quokkas
  5 ball pythons
  3 frilled lizards
  29 kobolds
  8 rats
  A fire vortex (Lair:1)
1036 creatures vanquished.

Vanquished Creatures (collateral kills)
  the Lernaean hydra (Swamp:4)
  An orc warlord (Orc:2)
  Nergalle (Orc:2)
  2 swamp dragons
  An orc knight (Orc:2)
  A shambling mangrove (Swamp:3)
  An orc sorcerer (Orc:2)
  5 hornets
  5 vampire mosquitoes
  A warg (Orc:2)
  3 nagas (Snake:2)
  4 insubstantial wisps (Swamp:3)
  A swamp worm (Swamp:3)
  A hell hound (Snake:1)
  8 orc warriors (Orc:2)
  A swamp drake (Swamp:4)
  An ogre (Orc:2)
  2 orc priests (Orc:2)
  3 orc wizards (Orc:2)
  6 orcs (Orc:2)
49 creatures vanquished.

Vanquished Creatures (others)
  An anaconda (Snake:1)
  A two-headed ogre (D:14)
  2 naga sharpshooters (Snake:3)
  A black mamba (Snake:1)
  5 humans (Snake:1)
  A fire elemental (Snake:1)
  2 nagas
  An iguana (Lair:6)
  A worker ant (D:14)
  2 kobolds
  14 fungi
  29 plants
  12 toadstools (Lair:3)
72 creatures vanquished.

Grand Total: 1157 creatures vanquished

Notes
Turn   | Place    | Note
-------+----------+-------------------------------------------
     0 | D:1      | KrisztiCat the Minotaur Berserker began the quest for the Orb.
     0 | D:1      | Reached XP level 1. HP: 19/19 MP: 0/0
   292 | D:1      | Reached XP level 2. HP: 27/27 MP: 1/1
   451 | D:1      | Reached skill level 4 in Fighting
   942 | D:2      | Reached XP level 3. HP: 33/33 MP: 2/2
  1118 | D:2      | Noticed Jessica
  1126 | D:2      | Killed Jessica
  1126 | D:2      | Reached ** piety under Trog
  1515 | D:3      | Noticed a centaur
  1521 | D:3      | Killed a centaur
  1521 | D:3      | Reached skill level 5 in Maces & Flails
  1521 | D:3      | Reached XP level 4. HP: 11/41 MP: 3/3
  1521 | D:3      | Reached XP level 5. HP: 13/47 MP: 4/4
  1542 | D:3      | Found a sparkling altar of Nemelex Xobeh.
  1788 | D:3      | Noticed Irenicus's ghost (amateur OpCK)
  1793 | D:3      | Killed Irenicus's ghost
  1941 | D:4      | Noticed Eustachio
  1967 | D:3      | Reached XP level 6. HP: 53/53 MP: 5/5
  2216 | D:5      | Entered Level 5 of the Dungeon
  2446 | D:6      | Found Syqevoj's Assorted Antiques.
  2591 | D:4      | Noticed Robin
  2706 | D:5      | Reached XP level 7. HP: 59/60 MP: 6/6
  2825 | D:4      | Reached *** piety under Trog
  2914 | D:4      | Noticed Duvessa
  2930 | D:4      | Killed Duvessa
  2930 | D:4      | Reached skill level 10 in Maces & Flails
  2933 | D:4      | Noticed Dowan
  2940 | D:4      | Killed Dowan
  3025 | D:4      | Reached XP level 8. HP: 28/67 MP: 7/7
  3115 | D:4      | Found a staircase to the Ecumenical Temple.
  3124 | Temple   | Entered the Ecumenical Temple
  3374 | D:4      | Killed Eustachio
  3374 | D:4      | Reached skill level 1 in Evocations
  3392 | D:4      | Killed Robin
  3499 | D:4      | Found an iron altar of Okawaru.
  3527 | D:6      | Noticed Sigmund
  3537 | D:6      | Killed Sigmund
  3588 | D:6      | Found a blossoming altar of Fedhas.
  3604 | D:6      | Reached **** piety under Trog
  3617 | D:6      | Noticed Edmund
  3625 | D:6      | Killed Edmund
  3625 | D:6      | Reached XP level 9. HP: 35/72 MP: 8/8
  3674 | D:6      | Gained mutation: You have sharp toenails. [potion of mutation]
  3674 | D:6      | Gained mutation: You have razor-sharp toenails. [potion of mutation]
  3674 | D:6      | Gained mutation: You are partially covered in thin metallic scales. (AC +2) [potion of mutation]
  3674 | D:6      | Gained mutation: You are partially covered in iridescent scales. (AC +2) [potion of mutation]
  3933 | D:6      | Noticed a troll
  3939 | D:6      | Killed a troll
  4003 | D:6      | Found a white marble altar of Elyvilon.
  4003 | D:6      | Found a shadowy altar of Dithmenos.
  4004 | D:6      | Found an opulent altar of Gozag.
  4067 | D:6      | Bought a scroll labeled RUC FIETACAM for 34 gold pieces
  4067 | D:6      | Bought a scroll of identify for 68 gold pieces
  4067 | D:6      | Bought a scroll labeled XERUODDI CIAGE for 34 gold pieces
  4197 | D:6      | Reached skill level 5 in Fighting
  4368 | D:8      | Noticed Maurice
  4407 | D:7      | Paralysed by a hornet for 2 turns
  4411 | D:7      | Paralysed by a hornet for 2 turns
  4488 | D:7      | Reached ***** piety under Trog
  4555 | D:7      | Reached skill level 6 in Fighting
  4605 | D:8      | Noticed Erica
  4610 | D:8      | Reached skill level 5 in Armour
  4626 | D:8      | Reached skill level 7 in Fighting
  4635 | D:8      | Killed Erica
  4635 | D:8      | Reached skill level 5 in Dodging
  4635 | D:8      | Reached XP level 10. HP: 44/88 MP: 9/9
  4687 | D:8      | Killed Maurice
  4687 | D:8      | Reached skill level 8 in Fighting
  5204 | D:8      | Found Werhag Rien's Distillery.
  5212 | D:8      | Bought 2 potions of degeneration for 24 gold pieces
  5212 | D:8      | Bought a potion of might for 48 gold pieces
  5212 | D:8      | Bought a potion of flight for 36 gold pieces
  5212 | D:8      | Bought a potion of lignification for 36 gold pieces
  5212 | D:8      | Bought a potion of heal wounds for 60 gold pieces
  5224 | D:8      | Noticed Psyche
  5256 | D:8      | Killed Psyche
  5339 | D:9      | Noticed a two-headed ogre
  5352 | D:8      | Reached skill level 9 in Fighting
  5357 | D:8      | Killed a two-headed ogre
  5803 | D:9      | Noticed a deep elf mage
  5820 | D:9      | Killed a deep elf mage
  5820 | D:9      | Reached skill level 10 in Fighting
  5848 | D:9      | Noticed a two-headed ogre
  5856 | D:9      | Killed a two-headed ogre
  5856 | D:9      | Reached XP level 11. HP: 27/101 MP: 10/10
  5910 | D:10     | Entered Level 10 of the Dungeon
  5958 | D:9      | Found a staircase to the Lair.
  6053 | D:10     | HP: 4/101 [troll (6)]
  6550 | D:9      | Reached skill level 11 in Fighting
  6556 | D:9      | Found a staircase to the Orcish Mines.
  6817 | D:9      | Identified the Incunabulum of Calling and Shape Shifting
  7010 | D:11     | Received a gift from Trog
  7247 | D:10     | Noticed an unseen horror
  7258 | D:10     | Killed an unseen horror
  7389 | Lair:1   | Entered Level 1 of the Lair of Beasts
  7709 | Lair:1   | Reached skill level 12 in Fighting
  8109 | Lair:2   | Noticed a four-headed hydra
  8116 | Lair:2   | Killed a four-headed hydra
  8240 | Lair:2   | Reached skill level 10 in Dodging
  8243 | Lair:2   | Found a staircase to the Snake Pit.
  8282 | Lair:2   | Reached XP level 12. HP: 106/113 MP: 11/11
  8362 | Lair:2   | Noticed an eight-headed hydra
  8370 | Lair:2   | Killed an eight-headed hydra
  8451 | Lair:2   | Reached skill level 10 in Armour
  8757 | Lair:2   | Received a gift from Trog
  9373 | Lair:3   | Reached skill level 13 in Fighting
  9600 | Lair:3   | Noticed a four-headed hydra
  9606 | Lair:3   | Killed a four-headed hydra
  9722 | Lair:3   | Noticed a death yak
  9735 | Lair:3   | Killed a death yak
  9801 | Lair:3   | Found a runed door.
 10056 | Lair:3   | Reached skill level 14 in Fighting
 10330 | Lair:3   | Noticed a catoblepas
 10340 | Lair:3   | Killed a catoblepas
 10843 | Lair:4   | Noticed an eight-headed hydra
 10850 | Lair:4   | Killed an eight-headed hydra
 10850 | Lair:4   | Reached XP level 13. HP: 85/125 MP: 4/12
 10890 | Lair:4   | Found a staircase to the Swamp.
 11741 | Lair:5   | Found a staircase to the Slime Pits.
 11759 | Lair:5   | Received a gift from Trog
 11919 | Lair:6   | Entered Level 6 of the Lair of Beasts
 12005 | Lair:5   | Reached skill level 15 in Fighting
 12345 | Lair:5   | Noticed Josephine
 12354 | Lair:5   | Killed Josephine
 12503 | Lair:6   | Found a shadowy altar of Dithmenos.
 12715 | Lair:6   | Noticed Baril's ghost (journeyman GrFE)
 12735 | Lair:6   | Killed Baril's ghost
 13056 | Lair:6   | Reached skill level 16 in Fighting
 13245 | Lair:6   | HP: 6/129 [hell hound (10)]
 13754 | Lair:6   | Reached XP level 14. HP: 138/138 MP: 4/13
 14042 | Lair:6   | Received a gift from Trog
 15023 | Orc:1    | Entered Level 1 of the Orcish Mines
 15035 | Orc:1    | Reached ****** piety under Trog
 15056 | Orc:1    | Reached skill level 17 in Fighting
 15231 | Orc:2    | Entered Level 2 of the Orcish Mines
 15232 | Orc:2    | Found Kadeupim's Distillery.
 15279 | Orc:2    | Found Ruguugif's Distillery.
 15280 | Orc:2    | Found Zetwaa's General Store.
 15331 | Orc:2    | Noticed an orc warlord
 15331 | Orc:2    | Found a roughly hewn altar of Beogh.
 15332 | Orc:2    | Noticed Nergalle
 15333 | Orc:2    | Received a gift from Trog
 15335 | Orc:2    | Killed an orc warlord
 15337 | Orc:2    | Killed Nergalle
 15397 | Orc:2    | Found Ciurifiu's Antique Armour Emporium.
 15415 | Orc:2    | Bought a potion of resistance for 150 gold pieces
 15431 | Orc:2    | Bought a pair of distressingly furry boots for 237 gold pieces
 15436 | Orc:2    | Identified the +1 pair of boots of Gafa {rF+ Str+3 Stlth+} (You bought it in a shop on level 2 of the Orcish Mines)
 15449 | Orc:2    | Found a staircase to the Elven Halls.
 15461 | Orc:2    | Found a labyrinth entrance.
 15492 | Orc:2    | Noticed hilaritas's ghost (adept FoGl)
 15496 | Lab      | Entered a labyrinth
 15885 | Lab      | Got a crude chain mail
 15896 | Lab      | Identified the +0 chain mail "Aruoss" {MP+9 Int+8} (You took it off a minotaur in a labyrinth)
 15950 | Orc:2    | Killed hilaritas's ghost
 16427 | Orc:2    | Reached skill level 1 in Shields
 16976 | Orc:2    | Found Gaxtig's Assorted Antiques.
 16982 | Orc:2    | Received a gift from Trog
 17001 | Orc:2    | Bought a twisted silver wand for 112 gold pieces
 17067 | Orc:2    | Found Gaonyd's General Store.
 17074 | Orc:2    | Bought a scroll of remove curse for 54 gold pieces
 17083 | Orc:2    | Found Hois's Jewellery Emporium.
 17090 | Orc:2    | Bought the ring "Fezarab" {rC+ rN+} for 408 gold pieces
 17095 | Orc:2    | Bought a +6 amulet of reflection for 702 gold pieces
 17114 | Orc:2    | Found Icim's Antique Armour Emporium.
 17284 | Orc:2    | Found Votax's Antique Weapon Emporium.
 17914 | D:11     | Identified a scroll of acquirement
 17915 | D:11     | Got a pair of faintly glowing boots
 17926 | D:11     | Identified the +0 pair of boots of Jael {rF+ MR+ Dex-3} (You acquired it on level 11 of the Dungeon)
 18034 | D:11     | Received a gift from Trog
 18044 | D:11     | Got a dazzling quarterstaff {god gift}
 18625 | D:12     | Noticed ThereIsNoGod's ghost (journeyman TrFi)
 18648 | D:12     | Killed ThereIsNoGod's ghost
 19013 | D:13     | Reached skill level 18 in Fighting
 19197 | D:13     | Reached skill level 5 in Shields
 19249 | D:13     | Reached XP level 15. HP: 64/149 MP: 4/14
 19304 | D:13     | Found a gate to the Vaults.
 19863 | D:14     | Found Exerphot's Jewellery Emporium.
 19940 | D:14     | Received a gift from Trog
 20015 | D:14     | Reached skill level 15 in Armour
 20080 | D:15     | Entered Level 15 of the Dungeon
 20873 | D:15     | Found a roughly hewn altar of Beogh.
 21069 | D:15     | Found a shadowy altar of Dithmenos.
 21194 | D:15     | Found a staircase to the Depths.
 21194 | D:15     | Noticed a frost giant
 21212 | D:15     | Killed a frost giant
 21549 | Swamp:1  | Entered Level 1 of the Swamp
 21814 | Swamp:1  | Received a gift from Trog
 21815 | Swamp:1  | Reached skill level 10 in Shields
 22204 | Swamp:2  | Noticed a thorn hunter
 22288 | Swamp:2  | Killed a thorn hunter
 22452 | Swamp:3  | HP: 3/151 [swamp worm (15)]
 23120 | Swamp:2  | Reached skill level 19 in Fighting
 23285 | Swamp:3  | Reached XP level 16. HP: 68/160 MP: 5/15
 23328 | Swamp:4  | Entered Level 4 of the Swamp
 23373 | Swamp:4  | Noticed a thorn hunter
 23401 | Swamp:4  | Killed a thorn hunter
 23458 | Swamp:3  | Noticed a thorn hunter
 23474 | Swamp:3  | Killed a thorn hunter
 23479 | Swamp:3  | Noticed Bai Suzhen
 23902 | Swamp:3  | Killed Bai Suzhen
 24551 | Swamp:4  | Noticed Aizul
 24576 | Swamp:4  | Killed Aizul
 24696 | Swamp:4  | Noticed the 27-headed Lernaean hydra
 24702 | Swamp:4  | Killed the 26-headed Lernaean hydra
 24750 | Swamp:4  | Got a polished leather armour
 24761 | Swamp:4  | Identified the cursed +1 leather armour of the Rose {rPois rC+++ rCorr Stlth-} (You found it on level 4 of the Swamp)
 24984 | Swamp:4  | HP: 11/241 [seven-headed hydra (12)]
 24990 | Swamp:4  | HP: 7/161 [poisoned by a swamp dragon (blast of poison)]
 25687 | Swamp:4  | Got a decaying rune of Zot
 25926 | Snake:1  | Entered Level 1 of the Snake Pit
 25936 | Snake:1  | Noticed Rupert
 25937 | Snake:1  | Noticed Kirke
 25963 | Snake:1  | Killed Kirke
 25976 | Snake:1  | HP: 3/241 [Rupert/triple sword of electrocution (10)]
 25979 | Snake:1  | Killed Rupert
 26248 | Snake:1  | Noticed Azrael
 26272 | Snake:1  | Killed Azrael
 27197 | Snake:1  | Noticed Agnes
 27217 | Snake:1  | Killed Agnes
 27784 | Snake:1  | Got a crude leather armour
 27795 | Snake:1  | Identified the +0 leather armour "Nereutt" {-Cast rPois Dex+6 Slay+5} (You found it on level 1 of the Snake Pit)
 27828 | Snake:1  | Reached XP level 17. HP: 146/169 MP: 5/16
 28231 | Snake:1  | Reached skill level 15 in Shields
 28275 | Snake:1  | Noticed Nikola
 28313 | Snake:1  | Killed Nikola
 28704 | Snake:2  | You fall through a shaft!
 28966 | Snake:2  | Reached skill level 20 in Fighting
 29196 | Snake:2  | Found a glowing silver altar of Zin.
 30145 | Snake:3  | Found Gumadgho's Antique Weapon Emporium.
 30167 | Snake:3  | Found Apnoumpix's Jewellery Shoppe.
 31330 | Snake:4  | Entered Level 4 of the Snake Pit
 32070 | Snake:4  | Reached skill level 15 in Dodging
 32097 | Snake:4  | HP: 4/171 [naga ritualist/scimitar of venom (12)]
 32100 | Snake:4  | Slain by a nagaraja

Skill      XL: |  1  2  3  4  5  6  7  8  9 10 11 12 13 14 15 16 17 |
---------------+----------------------------------------------------+-----
Fighting       | 4 7 10 12 14 16 18 19 20 | 20.4
Maces & Flails | 4 5 6 8 10 13 14 | 14.1
Armour         | 3 6 7 9 11 13 14 15 16 | 16.1
Evocations     | 1 |  1.2
Dodging        | 5 7 10 11 12 13 14 15 | 15.0
Shields        | 5 11 14 16 | 16.9
Stealth        | |  0.1

Action                   |  1- 3 |  4- 6 |  7- 9 | 10-12 | 13-15 | 16-18 || total
-------------------------+-------+-------+-------+-------+-------+-------++-------
Melee: Mace              |    32 |       |       |       |       |       ||    32
       Headbutt          |     4 |    10 |    44 |   111 |   398 |   247 ||   814
       Whip              |    38 |    64 |   168 |   218 |       |       ||   488
       Flail             |       |       |   149 |   242 |  1309 |  1099 ||  2799
       Kick              |       |       |    23 |   180 |   143 |       ||   346
       Unarmed           |       |       |       |     2 |       |       ||     2
       Great mace        |       |       |       |   175 |   443 |       ||   618
Throw: Javelin           |       |       |       |       |     1 |       ||     1
Invok: Berserk           |     2 |       |     4 |    12 |    17 |    12 ||    47
       Trog's Hand       |     1 |     1 |     1 |     9 |     7 |     8 ||    27
       Burn Spellbooks   |       |       |       |     2 |     4 |     4 ||    10
       Brothers in Arms  |       |       |       |       |     7 |    14 ||    21
Evoke: Wand              |       |     3 |       |     8 |    11 |     4 ||    26
  Use: Scroll            |       |    10 |     6 |     8 |    21 |    13 ||    58
       Potion            |       |       |     3 |     9 |    12 |    10 ||    34
 Stab: Distracted        |       |       |       |       |     1 |       ||     1
  Eat: Bread ration      |     1 |       |       |     1 |     1 |     1 ||     4
       Chunk             |     3 |     5 |    11 |    23 |    67 |     9 ||   118
       Meat ration       |       |       |       |     2 |       |     2 ||     4
       Fruit             |       |       |       |       |     8 |     3 ||    11
       Royal jelly       |       |       |       |       |     1 |    11 ||    12
Armor: Animal skin       |     4 |       |       |       |       |       ||     4
       Ring mail         |    22 |    17 |    47 |    15 |       |       ||   101
       Leather armour    |       |       |    19 |    37 |       |   147 ||   203
       Scale mail        |       |       |       |   230 |   281 |       ||   511
       Plate armour      |       |       |       |       |   542 |   156 ||   698
Dodge: Dodged            |    41 |    31 |   140 |   482 |   870 |   402 ||  1966
Block: Shield            |       |       |       |       |   958 |   978 ||  1936
       Reflection        |       |       |       |       |    21 |    46 ||    67
